 Dungeon Crawl Stone Soup version 0.32-a0-540-g866d13106e (webtiles) character file.

Game seed: 13494274266538883020

169333 ytrimaz the Spry (level 17, -11/152 HPs)
             Began as an Octopode Shapeshifter on Feb 28, 2024.
             Was an Elder of Ashenzari.
             Mangled by a naga warrior
             ... wielding a +0 morningstar
              (12 damage)
             ... on level 4 of the Snake Pit on Feb 29, 2024.
             The game lasted 00:54:02 (32442 turns).

ytrimaz the Spry (Octopode Shapeshifter)           Turns: 32442, Time: 00:54:02

Health: -11/152    AC: 35    Str: 14    XL:     17   Next: 96%
Magic:  26/38      EV: 26    Int: 18    God:    Ashenzari [****..]
Gold:   721        SH:  0    Dex: 25    Spells: 27/50 levels left

rFire   + .          .
                       - Unarmed
rCold   . . .        (no shield)
rNeg    + + +        (helmet restricted)
rPois   ∞            Z - amulet "Elitism of Ashenzari" {Regen+, Melee, Comp} (curse)
rElec   +            i - ring of Toth-Mos's Legacy {rPois EV+5, Dev, Cun} (curse)
rCorr   .            t - ring "Lashed Together" {Will+, Bglg, Comp} (curse)
SInv    +            v - ring of Ashenzari's Negligence {AC+4, Elem, Bglg} (curse)
Will    +....        x - ring of Ouranomancy {Dex+6, Self, Bglg} (curse)
Stlth   +++++++      w - ring of Ouranomancy {AC+4, Elem, Self} (curse)
HPRegen 1.25/turn    E - ring "Visionary Failure" {rN+, Melee, Dev} (curse)
MPRegen 0.26/turn    J - ring "Mantic Awkwardness" {rPois rF+ rN+ Will- SInv, Self, Comp} (curse)
                     T - +6 ring of dexterity

%: clarity
@: statue-form, untranslocatable, constricted, studying 2 skills, very slow
A: slow and powerful, torment resistance 1, boosted hp, almost no armour,
amphibious, 8 rings, camouflage 1, (gelatinous body 1), (nimble swimmer 1),
tentacles
a: Begin Untransformation, Renounce Religion, Curse Item, Shatter the Chains


You were on level 4 of the Snake Pit.
You worshipped Ashenzari.
Ashenzari was greatly pleased with you.
You were a living statue of rough stone.
You visited 5 branches of the dungeon, and saw 27 of its levels.
You also visited: Sewer and Ice Cave.

You collected 5308 gold pieces.
You spent 4587 gold pieces at shops.


Innate Abilities, Weirdness & Mutations

You are a living statue of rough stone.
Your actions are slow, but your melee attacks are powerful.
You are resistant to unholy torment.
Your maximum health is greatly increased.
You cannot wear most types of armour.
You are amphibious.
You can wear up to eight rings at the same time.
You are immune to poison.
Your skin changes colour to match your surroundings (Stealth+).
((Your rubbery body absorbs attacks. (AC +1, EV +1)))
((You are camouflaged when in or above water. (Stealth+)))
You have tentacles for arms and can constrict up to eight enemies at once.


   Skills:
 + Level 7.9(11.5) Fighting
 - Level 18.3(20.0) Dodging
 - Level 10.5(12.3) Stealth
 + Level 10.7(13.4) Unarmed Combat
 - Level 13.4(17.0) Spellcasting
 - Level 13.2 Conjurations
 - Level 2.0(4.0) Ice Magic
 - Level 2.7(5.0) Air Magic
 - Level 7.2(10.0) Earth Magic
 * Level 14.1(16.7) Shapeshifting


You had 27 spell levels left.
You knew the following spells:

 Your Spells              Type           Power      Damage    Failure   Level
a - Bombard               Conj/Erth      27%        9d5       4%          6
b - Orb of Destruction    Conj           29%        9d9       14%         7
c - Freezing Cloud        Conj/Ice/Air   21%        6-21      4%          5
d - Lee's Rapid Deconstr  Erth           25%        3d14*     1%          5

Your spell library contained the following spells:

 Spells                   Type           Power      Damage    Failure   Level
 Sandblast                Erth           100%       2d20      1%          1
 Shock                    Conj/Air       100%       1d9       1%          1
 Mercury Vapours          Alch/Air       48%        N/A       1%          2
 Mephitic Cloud           Conj/Alch/Air  37%        N/A       1%          3
 Passwall                 Erth           51%        N/A       1%          3
 Stone Arrow              Conj/Erth      100%       3d13      1%          3
 Swiftness                Air            33%        N/A       1%          3
 Brom's Barrelling Bould  Conj/Erth      55%        2d7       1%          4
 Cigotuvi's Dreadful Rot  Necr/Alch/Air  42%        N/A       2%          2
 Fulminant Prism          Conj/Alch      19%        3d10      2%          4
 Necrotise                Necr           68%        1d7       3%          1
 Summon Small Mammal      Summ           68%        N/A       3%          1
 Call Imp                 Summ           34%        N/A       4%          2
 Lesser Beckoning         Tloc           34%        N/A       4%          2
 Airstrike                Air            16%        2d(3-19)  4%          4
 Leda's Liquefaction      Alch/Erth      16%        N/A       4%          4
 Call Canine Familiar     Summ           17%        N/A       10%         3
 Fugue of the Fallen      Necr           17%        N/A       10%         3
 Gell's Gravitas          Tloc           17%        N/A       10%         3
 Teleport Other           Tloc           17%        N/A       10%         3
 Vampiric Draining        Necr           17%        2d7       10%         3
 Summon Lightning Spire   Summ/Air       25%        N/A       12%         4
 Conjure Ball Lightning   Conj/Air       24%        3x3d7     14%         6
 Anguish                  Hex/Necr       8%         N/A       30%         4
 Martyr's Knell           Necr/Summ      17%        N/A       30%         4
 Summon Blazeheart Golem  Fire/Summ      16%        N/A       32%         4
 Ignite Poison            Fire/Alch      15%        N/A       34%         4
 Curse of Agony           Necr           17%        N/A       65%         5
 Spellforged Servitor     Conj/Summ      20%        N/A       89%         7
 Sculpt Simulacrum        Ice/Alch       11%        N/A       95%         6
 Dispersal                Tloc           8%         N/A       99%         6
 Summon Cactus Giant      Summ           8%         N/A       99%         6
 Ozocubu's Refrigeration  Ice            14%        4d10      99%         7
 Enfeeble                 Hex            8%         N/A       100%        7
 Malign Gateway           Summ/Tloc      8%         N/A       100%        7
 Summon Hydra             Summ           8%         N/A       100%        7
 Infestation              Necr           8%         N/A       100%        8
 Polar Vortex             Ice            14%        12d1*     100%        9
 Sublimation of Blood     Necr           Unusable   N/A       N/A         2

Inventory:

Jewellery
 i - the cursed ring of Toth-Mos's Legacy (left tentacle) {rPois EV+5, Dev, Cun}
   (You acquired it on level 3 of the Dungeon)

   [ring of evasion]

   EV+5:      It affects your evasion (+5).
   rPois:     It protects you from poison It has a curse which improves the
   following skills: Devices: Evocations and Shapeshifting.
   Cunning:   Dodging and Stealth.
 t - the cursed ring "Lashed Together" (right tentacle) {Will+, Bglg, Comp}
   (You found it on level 5 of the Dungeon)

   [ring of willpower]

   Will+:     It increases your willpower.
   It has a curse which improves the following skills: Beguiling: Hexes and
   Translocations.
   Companions: Summonings and Necromancy.
 v - the cursed ring of Ashenzari's Negligence (on tentacle) {AC+4, Elem, Bglg}
   (You found it on level 6 of the Dungeon)

   [ring of protection]

   AC+4:      It affects your AC (+4).
   It has a curse which improves the following skills: Elements: Fire Magic, Ice
   Magic, Air Magic and Earth Magic.
   Beguiling: Hexes and Translocations.
 w - the cursed ring of Ouranomancy (on tentacle) {AC+4, Elem, Self}
   (You found it on level 10 of the Dungeon)

   [ring of protection]

   AC+4:      It affects your AC (+4).
   It has a curse which improves the following skills: Elements: Fire Magic, Ice
   Magic, Air Magic and Earth Magic.
   Introspection: Fighting and Spellcasting.
 x - the cursed ring of Ouranomancy (on tentacle) {Dex+6, Self, Bglg}
   (You found it on level 7 of the Dungeon)

   [ring of dexterity]

   Dex+6:     It affects your dexterity (+6).
   It has a curse which improves the following skills: Introspection: Fighting
   and Spellcasting.
   Beguiling: Hexes and Translocations.
 B - a ring of ice
   (You found it on level 10 of the Dungeon)
 C - a +6 ring of dexterity
   (You found it on level 2 of the Snake Pit)
 E - the cursed ring "Visionary Failure" (on tentacle) {rN+, Melee, Dev}
   (You found it on level 11 of the Dungeon)

   [ring of positive energy]

   rN+:       It protects you from negative energy.
   It has a curse which improves the following skills: Melee Combat: Short
   Blades, Long Blades, Axes, Maces & Flails, Polearms, Staves and Unarmed
   Combat.
   Devices:   Evocations and Shapeshifting.
 J - the cursed ring "Mantic Awkwardness" (on tentacle) {rPois rF+ rN+ Will- SInv, Self, Comp}
   (You bought it in a shop on level 2 of the Orcish Mines)

   [ring of protection from fire]

   rF+:       It protects you from fire.
   rPois:     It protects you from poison rN+: It protects you from negative
   energy.
   Will-:     It decreases your willpower.
   SInv:      It lets you see invisible.
   It has a curse which improves the following skills: Introspection: Fighting
   and Spellcasting.
   Companions: Summonings and Necromancy.
 O - a ring of fire
   (You took it off a naga ritualist on level 4 of the Snake Pit)
 P - a ring of flight
   (You found it on level 2 of the Lair of Beasts)
 S - a ring of positive energy
   (You found it on level 3 of the Lair of Beasts)
 T - a +6 ring of dexterity (on tentacle)
   (You found it on level 5 of the Lair of Beasts)
 Z - the cursed amulet "Elitism of Ashenzari" (around mantle) {Regen+, Melee, Comp}
   (You bought it in a shop on level 2 of the Snake Pit)

   [amulet of regeneration]

   Regen+:    It increases your rate of health regeneration.
   It has a curse which improves the following skills: Melee Combat: Short
   Blades, Long Blades, Axes, Maces & Flails, Polearms, Staves and Unarmed
   Combat.
   Companions: Summonings and Necromancy.
Talismans
 b - a beast talisman
 c - a flux talisman
 g - a serpent talisman
   (You found it on level 1 of the Dungeon)
 q - a blade talisman
   (You found it in a sewer)
 K - a storm talisman
   (You bought it in a shop on level 2 of the Orcish Mines)
 U - a dragon-blood talisman
   (You found it on level 5 of the Lair of Beasts)
 X - a granite talisman (active)
   (You took it off Roxanne on level 1 of the Snake Pit)
Wands
 n - a wand of flame (19)
   (You took it off Grum on level 8 of the Dungeon)
 o - a wand of mindburst (10)
   (You found it on level 14 of the Dungeon)
 A - a wand of digging (5)
   (You found it on level 8 of the Dungeon)
 D - a wand of warping (7)
   (You found it on level 14 of the Dungeon)
 F - a wand of light (7)
   (You found it on level 2 of the Lair of Beasts)
 G - a wand of charming (19)
   (You found it on level 11 of the Dungeon)
 H - a wand of polymorph (5)
   (You found it on level 4 of the Snake Pit)
Scrolls
 a - 2 scrolls of revelation
 d - a scroll of vulnerability
 e - 4 scrolls of blinking
 f - a scroll of amnesia
 j - 3 scrolls of fog
 k - 5 scrolls of teleportation
 p - 5 scrolls of poison
 y - a scroll of fear
 I - 2 scrolls of silence
 N - a scroll of immolation
 R - 2 scrolls of enchant weapon
 V - a scroll of brand weapon
 W - a scroll of enchant armour
Potions
 h - 4 potions of ambrosia
 l - 4 potions of attraction
 m - 2 potions of brilliance
 r - 7 potions of curing
 s - 4 potions of heal wounds
 u - 4 potions of lignification
 z - 3 potions of mutation
 L - 3 potions of resistance
 M - a potion of berserk rage
 Q - a potion of haste
 Y - a potion of enlightenment

Dungeon Overview and Level Annotations

Branches:
Dungeon (15/15) Zot: 25066  Temple (0/1) D:6            Lair (5/5) D:10 Zot: 23367
  Swamp (0/4) Lair:3        Snake (4/4) Lair:2 Zot: 18562   Slime (0/5) Lair:4
    Orc (2/2) D:9 Zot: 10111     Elf (1/3) Orc:2 Zot: 5991  Vaults (0/5) D:14
 Depths (0/4) D:15          Sewer (visited)           IceCv (visited)

Altars:
Ashenzari
Hepliaklqana
Nemelex Xobeh
Ru
Sif Muna
Trog
Xom
Yredelemnul
Zin
The Shining One
Beogh
Lugonu

Shops:
D:3 ?   D:5 *   D:9 :   D:12 [   Orc:2 !==*:   Snake:2 [(**=   Snake:3 (*

Portals:
Abyss: Lair:5

Annotations:
Snake:4 Vashnia

)#.#.##.#....##.#.# #.....# *,
.#.#.##.#######.#.#########÷#####
.#.#............#.....###..).....
.†......#.................#..####
#########.###########.######..###
,,,,,***#..,,##..###...†.........
{,∆,,,,*##..##....#...#.#####.###
,,,,,⌠{,,*###..NNS#####.# #..##
,⌠,,,{,{,,*#..N)IN.##...# ##...
,,,,,,,,,,*#.÷°#NN.#....# ####
ß,ß,ß,ß,,{,#°$.##N.#....# #
,,,,,,,,,{§§☼{###.)#...## ##
N,,⌠.○§..# #.)#.=÷# #. ,N.......#
#.)#..## #. ,ß..§.#.## #..#).# #.
,....###* #..#..# #. ,....*
#.....# ##


You could see Vashnia (strong, very poisoned), a nagaraja (fast, strong), 3 naga
warriors, a guardian serpent and 2 nagas.


Message History

You take 29 damage, and now have 65/152 hp.
The naga shouts!
You thrash the naga warrior!!!
You feel yourself speed up.
The nagaraja no longer looks unusually strong.
The guardian serpent is engulfed in freezing vapours.
The guardian serpent casts a spell at you.
The guardian serpent blinks into view!
The naga blinks!
The naga warrior blinks!
The naga blinks into view!
Vashnia blinks into view!
The nagaraja hits you from afar with a +0 spear!!
* * * LOW HITPOINT WARNING * * *
The naga warrior roars a battlecry!
The nagas go into a battle-frenzy!
The naga warrior constricts you.
The nagaraja gestures at you while chanting.
The poison arrow hits you. You partially resist.
* * * LOW HITPOINT WARNING * * *
The naga warrior is engulfed in freezing vapours.
The guardian serpent is engulfed in freezing vapours.
The guardian serpent casts a spell at you.
The nagaraja completely misses you. The naga warrior spits poison at you.
The splash of poison misses you.
The naga warrior blocks the splash of poison.
The naga warrior constricts you.
* * * LOW HITPOINT WARNING * * *
The nagaraja spits poison at you. The splash of poison misses you.
The splash of poison hits Vashnia.
Vashnia is poisoned.
The naga sharpshooter unwields a +0 dire flail.
The naga sharpshooter wields a +0 arbalest.
The naga sharpshooter mumbles some strange words.
The naga sharpshooter magically shoots a bolt.
The bolt hits you!!
* * * LOW HITPOINT WARNING * * *
😱 HP[-48] MP[+1]
You take 48 damage, and now have 17/152 hp.
MASSIVE DAMAGE!! (PAUSE)
Okay, then.
You feel much better.
The guardian serpent is engulfed in freezing vapours.
The nagaraja gestures at you while chanting.
The bolt of poison misses the naga.
The bolt of poison hits you but does no damage.
You resist.
The bolt of poison hits the naga warrior.
The guardian serpent casts a spell at you.
The bolt of poison misses you.
The nagaraja points at you and mumbles some strange words.
The poison arrow misses you.
The poison arrow hits Vashnia!!
Vashnia partially resists.
Vashnia looks even sicker.
The naga warrior spits poison at you.
The splash of poison hits you but does no damage.
You resist.
The naga warrior is engulfed in freezing vapours.
The naga warrior hits you with a +2 mace of draining.
* * * LOW HITPOINT WARNING * * *
The naga warrior constricts you. The naga spits poison at you.
The splash of poison hits you but does no damage.
You resist.
The guardian serpent is engulfed in freezing vapours.
The guardian serpent casts a spell at you.
The nagaraja points at you and mumbles some strange words.
The bolt of poison hits the naga.
The naga is poisoned.
The bolt of poison hits you but does no damage.
You resist.
The bolt of poison hits the naga warrior!
The naga misses you.
Vashnia shoots an arrow.
The arrow hits you!!
* * * LOW HITPOINT WARNING * * *
The guardian serpent misses you. The nagaraja completely misses you.
The naga warrior closely misses you.
The naga warrior hits you but does no damage.
The naga warrior constricts you!
* * * LOW HITPOINT WARNING * * *
The guardian serpent is engulfed in freezing vapours.
The naga completely misses you. 😱 HP[-1]
You take 1 damage, and now have 16/152 hp.
Unknown command.
You feel much better.
The naga warrior no longer looks unusually strong.
The nagaraja hits you from afar with a +0 spear!!
* * * LOW HITPOINT WARNING * * *
The guardian serpent completely misses you.
The nagaraja spits poison at you.
The splash of poison hits you but does no damage.
You resist.
The naga warrior roars a battlecry!
The naga warrior goes into a battle-frenzy!
Vashnia shoots an arrow.
The arrow misses you.
The arrow hits the nagaraja!!!
The nagaraja dies!
The naga barely misses you.
The nagaraja hits you but does no damage.
The guardian serpent coils itself and waves its upper body at you.
The bolt of poison hits you but does no damage.
You resist.
The naga warrior hits you with a +0 morningstar!
You die...

Skill      XL: |  1  2  3  4  5  6  7  8  9 10 11 12 13 14 15 16 17 |
---------------+----------------------------------------------------+-----
Shapeshifting  | 4 5 6 8 9 11 12 14 | 14.1
Dodging        | 3 4 6 8 11 14 15 17 18 | 18.3
Unarmed Combat | 4 5 6 8 10 | 10.7
Stealth        | 4 10 | 10.5
Conjurations   | 4 7 12 13 | 13.2
Fighting       | 4 7 |  7.9
Spellcasting   | 6 10 12 13 | 13.4
Earth Magic    | 7 |  7.2
Ice Magic      | 1 2 |  2.0
Air Magic      | 2 |  2.7

Action                     |  1- 3 |  4- 6 |  7- 9 | 10-12 | 13-15 | 16-18 || total
---------------------------+-------+-------+-------+-------+-------+-------++-------
  Melee: Unarmed           |    59 |    46 |   256 |   551 |  1161 |   400 ||  2473
         Constrict         |    11 |    15 |    69 |   135 |   227 |    24 ||   481
         Tentacles         |    13 |    12 |    14 |       |       |    41 ||    80
         Punch             |     2 |       |     2 |       |     1 |    33 ||    38
         Tailslap          |       |       |       |       |     5 |    43 ||    48
         Bite              |       |       |       |       |     3 |    26 ||    29
   Cast: Stone Arrow       |       |       |       |     6 |     7 |     1 ||    14
         Orb of Destructio |       |       |       |       |    19 |    45 ||    64
         Freezing Cloud    |       |       |       |       |    12 |    41 ||    53
         Bombard           |       |       |       |       |       |     9 ||     9
         Lee's Rapid Decon |       |       |       |       |       |     5 ||     5
 Invoke: Curse Item        |       |       |     1 |     5 |     1 |     2 ||     9
         Shatter the Chain |       |       |       |       |       |     1 ||     1
Ability: Breathe Fire      |       |       |       |       |       |     1 ||     1
  Evoke: Wand              |       |       |       |    15 |     1 |       ||    16
    Use: Scroll            |     7 |     1 |     4 |    14 |     4 |     3 ||    33
         Potion            |       |     1 |     3 |     8 |     4 |     3 ||    19
   Stab: Sleeping          |     8 |     3 |     8 |    18 |    22 |    12 ||    71
         Invisible         |       |       |       |     2 |       |       ||     2
         Distracted        |       |       |       |       |     6 |     2 ||     8
         Petrified         |       |       |       |       |     2 |       ||     2
 Armour: Skin              |    16 |     9 |   107 |   260 |   649 |   458 ||  1499
  Dodge: Dodged            |    33 |    24 |   188 |   561 |  1750 |   680 ||  3236
  Block: Other             |       |       |       |    23 |   316 |    70 ||   409
         Reflection        |       |       |       |     3 |     2 |     5 ||    10
   Form: Serpent           |       |       |     1 |       |     1 |       ||     2
         Dragon            |       |       |       |       |     1 |     1 ||     2
         Storm             |       |       |       |       |     1 |     1 ||     2
         Statue            |       |       |       |       |       |     1 ||     1

Levels and vault maps discovered:
D:1:      wander_arrival_lonely_grave, layout_basic,
          ebering_ecumenical_altar_rust, amcnicky_mini_rare_corridor_liquid
D:2:      layout_loops_cross
D:3:      layout_basic, minitemple, minivault_5, nicolae_nh_oracle_at_delphi
D:4:      layout_rooms, portal_sewer_entry_b, uniq_edmund, uniq_robin,
          uniq_blork_the_orc
D:5:      layout_basic, serial_shops, shop, minmay_misc_feat_rows, st_stairs_2,
          amcnicky_mini_pool_small
D:6:      layout_cave_pods, mainiacjoe_overflow_brackets,
          minmay_temple_entry_stoned_glass, minmay_divided_ellipse
D:7:      layout_cave_pools
D:8:      layout_basic, uniq_joseph, uniq_pikel, uniq_grum
D:9:      layout_long_grid, gammafunk_temple_overflow_pools,
          kennysheep_mini_moat, erik_orc_2, special_room [special_room_orc],
          serial_shops, nicolae_book_shop_shelving
D:10:     layout_layer_cave, erik_lair_orcish_takeover
D:11:     layout_basic, kennysheep_generic_room_14
D:12:     layout_roguey, serial_shops, shop
D:13:     orc_temple, layout_cross
D:14:     hangedman_arrow_trap, layout_loops_ring, david_vaults_4,
          uniq_josephine
D:15:     gammafunk_enter_depths_forms, layout_gridville,
          yredelemnul_altar_generic
Lair:1:   layout_chaotic_city, nzn_random_ring
Lair:2:   statuecave_lemuel, layout_misc_corridors,
          minmay_snake_entry_guardpost_small, grunt_forest_stairs_clearing
Lair:3:   layout_gridlike, swamp_mist_pool
Lair:4:   layout_gridlike, nicolae_slime_entry_slimehenge
Lair:5:   hellmonk_lair_end_abyssal_woods, layout_cave_shapes,
          hellmonk_talismancer, grunt_megastairs_2
Snake:1:  layout_chambers, basic_altar, nicolae_snake_horde_hoard, uniq_roxanne
Snake:2:  layout_onion, serial_shops, nicolae_shop_behind_doors,
          minmay_shoptagon
Snake:3:  layout_basic, serial_shops, nicolae_shop_tiny_waterfront,
          grunt_ministairs_9, nicolae_shop_clearance
Snake:4:  grunt_snake_rune_serpentine_throne, layout_basic
Orc:1:    layout_caves, uniq_nergalle
Orc:2:    st_orc_town, layout_caves, nicolae_volcano_entry_s_turn, basic_altar,
          portal_ice_cave_entry_pillars_1,
          regret_index_minedec_shroomtown_chain,
          minmay_shop_enchanted_jewellery, kennysheep_orc_sif_temple
Elf:1:    minmay_elf_arrival_summoners, layout_onion_city, guppyfry_elf_altar

Notes
Turn   | Place    | Note
-------+----------+-------------------------------------------
     0 | D:1      | ytrimaz the Octopode Shapeshifter began the quest for the
                  | Orb.
     0 | D:1      | Reached XP level 1. HP: 13/13 MP: 1/1
     0 | D:1      | magus.rc [v1.9.6]
   274 | D:1      | Reached XP level 2. HP: 18/18 MP: 2/2
   927 | D:1      | Found a faded altar of an unknown god.
  1010 | D:1      | Reached XP level 3. HP: 23/23 MP: 3/3
  1739 | D:3      | You pick up a book of Blood and begin reading...
  1739 | D:3      | You add the spells Call Imp, Sublimation of Blood and
                  | Summon Hydra to your library.
  1826 | D:3      | Found The Oracle's Delphic Readings.
  1830 | D:3      | Bought a scroll of identify for 26 gold pieces
  1830 | D:3      | Bought a scroll of identify for 26 gold pieces
  1830 | D:3      | Bought a scroll of teleportation for 39 gold pieces
  1830 | D:3      | Identified 3 scrolls of acquirement
  1834 | D:3      | Acquired 866 gold pieces
  1835 | D:3      | Acquired the ring "Hicvidou" {rPois EV+5}
  2130 | D:3      | Reached XP level 4. HP: 24/28 MP: 4/4
  2178 | D:3      | Found a sacrificial altar of Ru.
  2180 | D:3      | Found a broken altar of Ashenzari.
  2181 | D:3      | Found a glowing golden altar of the Shining One.
  2251 | D:3      | Became a worshipper of Ashenzari the Shackled
  2382 | D:3      | Reached skill level 4 in Shapeshifting
  2402 | D:3      | Acquired 1009 gold pieces
  2562 | D:4      | Noticed a scorpion
  2567 | D:4      | Killed a scorpion
  2568 | D:4      | Reached skill level 3 in Dodging
  2568 | D:4      | Reached XP level 5. HP: 33/33 MP: 5/5
  2569 | D:4      | Noticed Blork the orc
  2577 | D:4      | Killed Blork the orc
  2578 | D:4      | Reached skill level 4 in Unarmed Combat
  2660 | D:4      | Noticed Robin
  2669 | D:4      | Killed Robin
  2670 | D:4      | Reached XP level 6. HP: 38/38 MP: 6/6
  2689 | D:4      | Noticed Edmund
  2691 | D:4      | Reached skill level 5 in Shapeshifting
  2697 | D:4      | Killed Edmund
  2806 | D:4      | You add the spells Gell's Gravitas, Teleport Other and
                  | Dispersal to your library.
  2839 | D:4      | Reached skill level 4 in Dodging
  2839 | D:4      | Reached XP level 7. HP: 36/43 MP: 7/7
  2982 | D:4      | Found a glowing drain.
  2998 | Sewer    | Entered a sewer
  3260 | Sewer    | Reached skill level 6 in Shapeshifting
  3264 | Sewer    | Identified the +5 sling of Revolt {heavy, rC+ Int+3}
  3503 | D:4      | You pick up a book of Displacement and begin reading...
  3596 | D:5      | Entered Level 5 of the Dungeon
  3626 | D:5      | Reached skill level 5 in Unarmed Combat
  3668 | D:5      | Reached XP level 8. HP: 31/48 MP: 8/8
  3767 | D:5      | Reached skill level 5 in Dodging
  3767 | D:5      | Reached skill level 7 in Shapeshifting
  4093 | D:5      | Found Robrusee's Assorted Antiques.
  4100 | D:5      | Bought a scroll of identify for 64 gold pieces
  4100 | D:5      | Bought a fuming purple potion for 28 gold pieces
  4560 | D:6      | Found a staircase to the Ecumenical Temple.
  4638 | D:6      | Reached skill level 8 in Shapeshifting
  4666 | D:6      | Reached skill level 6 in Dodging
  4807 | D:6      | Reached XP level 9. HP: 53/53 MP: 9/9
  4981 | D:6      | Noticed a cyclops
  5013 | D:6      | Killed a cyclops
  5014 | D:6      | Reached skill level 9 in Shapeshifting
  5016 | D:6      | Killed an unseen horror
  5017 | D:6      | Reached skill level 7 in Dodging
  5238 | D:6      | Reached skill level 1 in Stealth
  5282 | D:6      | Reached skill level 2 in Stealth
  5438 | D:6      | Found a glowing silver altar of Zin.
  5812 | D:7      | Reached skill level 3 in Stealth
  5897 | D:7      | Reached skill level 8 in Dodging
  5905 | D:7      | Reached skill level 4 in Stealth
  5917 | D:7      | Reached XP level 10. HP: 58/58 MP: 10/10
  6404 | D:8      | Noticed Grum
  6407 | D:8      | Reached skill level 5 in Stealth
  6420 | D:8      | Killed Grum
  6593 | D:8      | Reached * piety under Ashenzari
  6653 | D:8      | Reached skill level 6 in Stealth
  6657 | D:8      | Noticed Joseph
  6671 | D:8      | Killed Joseph
  6672 | D:8      | Reached skill level 9 in Dodging
  6840 | D:8      | Identified the +1 chain mail of the Eternal Fruit {rElec
                  | rC+++ Str-4 Dex-4}
  6919 | D:8      | Reached skill level 7 in Stealth
  6977 | D:8      | You pick up a book of Ice and begin reading...
  6977 | D:8      | You add the spells Sculpt Simulacrum, Ozocubu's
                  | Refrigeration and Polar Vortex to your library.
  7018 | D:8      | Noticed Pikel
  7031 | D:8      | Killed Pikel
  7032 | D:8      | Reached skill level 8 in Stealth
  7676 | D:9      | Reached skill level 9 in Stealth
  7677 | D:9      | Noticed a two-headed ogre
  7680 | D:9      | Reached skill level 10 in Dodging
  7682 | D:9      | HP: 17/70 [yak (12)]
  7683 | D:9      | HP: 5/70 [yak (12)]
  7892 | D:8      | Acquired a manual of Dodging
  8172 | D:9      | Found a shimmering altar of Xom.
  8273 | D:9      | Found a staircase to the Orcish Mines.
  8311 | D:9      | Reached skill level 10 in Stealth
  8368 | D:9      | Killed a two-headed ogre
  8369 | D:9      | Reached skill level 11 in Dodging
  8369 | D:9      | Reached XP level 11. HP: 63/63 MP: 11/11
  8463 | D:9      | Reached skill level 12 in Dodging
  8688 | D:9      | Found Oqaschu Uceurph's Book Boutique.
  8692 | D:9      | Bought a book of Geomancy for 360 gold pieces
  8692 | D:9      | You pick up a book of Geomancy and begin reading...
  8692 | D:9      | You add the spells Sandblast, Passwall, Stone Arrow and
                  | Brom's Barrelling Boulder to your library.
  8696 | D:9      | Learned a level 3 spell: Stone Arrow
  8786 | D:9      | Reached skill level 13 in Dodging
  8912 | D:9      | Found a bloodstained altar of Trog.
  8912 | D:9      | Found a sparkling altar of Nemelex Xobeh.
  8912 | D:9      | Noticed a two-headed ogre
  8922 | D:9      | Killed a two-headed ogre
  9101 | D:9      | Found a roughly hewn altar of Beogh.
  9160 | D:9      | Reached skill level 14 in Dodging
  9451 | D:9      | Reached ** piety under Ashenzari
  9472 | D:10     | Entered Level 10 of the Dungeon
  9500 | D:10     | Found a staircase to the Lair.
  9704 | D:10     | Reached skill level 1 in Conjurations
  9899 | D:10     | You pick up a book of Necromancy and begin reading...
  9899 | D:10     | You add the spells Necrotise, Vampiric Draining, Martyr's
                  | Knell and Curse of Agony to your library.
 10125 | D:10     | Reached skill level 2 in Fighting
 10126 | D:10     | Reached skill level 2 in Conjurations
 11297 | D:11     | Noticed a two-headed ogre
 11316 | D:11     | Killed a two-headed ogre
 11317 | D:11     | Reached skill level 3 in Fighting
 11317 | D:11     | Reached skill level 3 in Conjurations
 11506 | D:11     | Reached skill level 6 in Unarmed Combat
 11894 | D:11     | Noticed a manticore
 11906 | D:11     | Killed a manticore
 12125 | D:11     | Noticed a two-headed ogre
 12131 | D:11     | Killed a two-headed ogre
 12132 | D:11     | Reached skill level 4 in Fighting
 12132 | D:11     | Reached skill level 4 in Conjurations
 12132 | D:11     | Reached XP level 12. HP: 77/77 MP: 12/12
 12329 | D:12     | Identified the Lectures on Fog
 12349 | D:12     | You add the spells Mercury Vapours, Summon Lightning Spire
                  | and Conjure Ball Lightning to your library.
 12427 | D:12     | Reached skill level 7 in Unarmed Combat
 12473 | D:12     | Found Imyskomi's Antique Armour Shoppe.
 12488 | D:12     | Reached skill level 5 in Fighting
 12509 | D:12     | You pick up a book of Air and begin reading...
 12509 | D:12     | You add the spells Shock, Swiftness and Airstrike to your
                  | library.
 12555 | D:12     | Reached skill level 5 in Conjurations
 12887 | D:12     | Identified the +1 flail of Bedet {pain, Dex+2 SInv}
 13235 | D:13     | Noticed an orc warlord
 13255 | D:13     | Acquired a manual of Spellcasting
 13346 | D:13     | Reached *** piety under Ashenzari
 13414 | D:13     | Reached skill level 6 in Fighting
 13785 | D:13     | Reached skill level 6 in Conjurations
 13792 | D:13     | Reached skill level 8 in Unarmed Combat
 14146 | D:13     | Noticed an orc high priest
 14274 | D:13     | Found a roughly hewn altar of Beogh.
 14292 | D:13     | Killed an orc high priest
 14293 | D:13     | Reached skill level 7 in Fighting
 14408 | D:13     | Killed an orc warlord
 14409 | D:13     | Reached skill level 7 in Conjurations
 14409 | D:13     | Reached XP level 13. HP: 71/91 MP: 13/13
 14881 | D:14     | Reached skill level 8 in Conjurations
 14941 | D:14     | Noticed an ice dragon
 15125 | Orc:1    | Entered Level 1 of the Orcish Mines
 15215 | Orc:2    | Entered Level 2 of the Orcish Mines
 15241 | Orc:2    | Reached skill level 9 in Conjurations
 15315 | Orc:2    | Reached **** piety under Ashenzari
 15317 | Orc:2    | Found a shimmering blue altar of Sif Muna.
 15362 | Orc:2    | Found a frozen archway.
 15372 | IceCv    | Entered an ice cave
 15450 | IceCv    | Reached skill level 10 in Conjurations
 15597 | IceCv    | Reached skill level 11 in Conjurations
 15904 | IceCv    | Noticed a frost giant
 15920 | IceCv    | Killed a frost giant
 15944 | IceCv    | Reached skill level 12 in Conjurations
 16185 | IceCv    | Identified the Writings on Interference and Hypothermia
 16199 | IceCv    | You add the spells Anguish and Enfeeble to your library.
 16364 | IceCv    | Found the +3 giant club "Skullcrusher" {speed, Str+7}
 16388 | IceCv    | Reached XP level 14. HP: 99/99 MP: 14/14
 16561 | Orc:2    | Found Katasan's Distillery.
 16594 | Orc:2    | Reached skill level 13 in Conjurations
 16600 | Orc:2    | Reached skill level 1 in Spellcasting
 16600 | Orc:2    | Reached skill level 1 in Earth Magic
 16650 | Orc:2    | Reached skill level 2 in Earth Magic
 16654 | Orc:2    | Found Luobb's Jewellery Shop.
 16755 | Orc:2    | Paralysed by an orc sorcerer for 4 turns
 16761 | Orc:2    | Reached skill level 2 in Spellcasting
 16896 | Orc:2    | Found a roughly hewn altar of Beogh.
 16912 | Orc:2    | Found Koihios's General Store.
 16916 | Orc:2    | Paralysed by an orc sorcerer for 5 turns
 16927 | Orc:2    | Reached skill level 3 in Earth Magic
 16943 | Orc:2    | Found Unluidgh's Book Shop.
 17180 | Orc:2    | Reached skill level 3 in Spellcasting
 17217 | Orc:2    | Found Evuutox's Jewellery Shoppe.
 17330 | Orc:2    | Found a roughly hewn altar of Beogh.
 17657 | Orc:2    | Found a staircase to the Elven Halls.
 17893 | Orc:2    | Bought the ring "Ohoutt" {rPois rF+ rN+ Will- SInv} for 484
                  | gold pieces
 17893 | Orc:2    | Bought a storm talisman for 960 gold pieces
 17909 | Orc:2    | Reached skill level 4 in Earth Magic
 17916 | Orc:2    | Bought a potion of resistance for 150 gold pieces
 17916 | Orc:2    | Bought a potion of berserk rage for 75 gold pieces
 17916 | Orc:2    | Bought a potion of curing for 45 gold pieces
 17916 | Orc:2    | Bought a potion of curing for 45 gold pieces
 17916 | Orc:2    | Bought a potion of heal wounds for 75 gold pieces
 17945 | Orc:2    | Bought the Elucidation of Congelation and the Tomb for 544
                  | gold pieces
 17945 | Orc:2    | You add the spells Fugue of the Fallen, Fulminant Prism and
                  | Ignite Poison to your library.
 17945 | Orc:2    | Bought Orph's Papyrus of Mutual Necromancy for 646 gold
                  | pieces
 17945 | Orc:2    | You add the spells Summon Cactus Giant and Infestation to
                  | your library.
 18057 | Lair:1   | Entered Level 1 of the Lair of Beasts
 18136 | Lair:1   | Reached skill level 4 in Spellcasting
 18175 | Lair:1   | You pick up a book of Dangerous Friends and begin
                  | reading...
 18175 | Lair:1   | You add the spells Summon Blazeheart Golem, Orb of
                  | Destruction and Spellforged Servitor to your library.
 18212 | Lair:1   | Identified the +6 long sword of Xoxif {protect, rF+ rC+ rN+
                  | Str-5}
 18222 | Lair:1   | Reached skill level 5 in Earth Magic
 18568 | Lair:1   | Reached skill level 5 in Spellcasting
 19060 | Lair:2   | Reached skill level 6 in Earth Magic
 19138 | Lair:2   | Reached skill level 6 in Spellcasting
 19330 | Lair:2   | Found a staircase to the Snake Pit.
 19720 | Lair:2   | Identified the +1 ring mail of Foism {*Slow MP+9 Int+5
                  | Slay+3}
 19818 | Lair:2   | Reached skill level 15 in Dodging
 19824 | Lair:2   | Reached skill level 7 in Earth Magic
 19867 | Lair:2   | magus.rc [v1.9.6]
 19867 | Lair:2   | magus.rc [v1.9.6]
 19883 | Lair:2   | Learned a level 7 spell: Orb of Destruction
 20271 | Lair:3   | Reached XP level 15. HP: 105/105 MP: 28/28
 20376 | Lair:3   | Reached skill level 7 in Spellcasting
 20385 | Lair:3   | Found a staircase to the Swamp.
 20396 | Lair:3   | Reached skill level 10 in Shapeshifting
 21156 | Lair:4   | Found a staircase to the Slime Pits.
 21171 | Lair:4   | Reached skill level 8 in Spellcasting
 21426 | Lair:4   | Reached skill level 16 in Dodging
 21572 | Lair:4   | You pick up a book of Callings and begin reading...
 21572 | Lair:4   | You add the spells Summon Small Mammal and Call Canine
                  | Familiar to your library.
 21691 | Lair:4   | You pick up a book of Vapours and begin reading...
 21691 | Lair:4   | You add the spells Mephitic Cloud and Freezing Cloud to
                  | your library.
 22294 | Lair:4   | Reached skill level 9 in Spellcasting
 22414 | Lair:5   | Entered Level 5 of the Lair of Beasts
 22464 | Lair:4   | Learned a level 5 spell: Freezing Cloud
 22745 | Lair:5   | Reached skill level 11 in Shapeshifting
 23004 | Lair:5   | Reached skill level 10 in Spellcasting
 23032 | Lair:5   | Identified the +10 long sword of Purpose {spect, rElec rF+
                  | Dex+2}
 23745 | Lair:5   | Reached skill level 17 in Dodging
 24085 | Lair:5   | Reached skill level 1 in Ice Magic
 24110 | Lair:5   | Reached XP level 16. HP: 110/110 MP: 27/33
 24119 | Lair:5   | Found a corrupted altar of Lugonu.
 24119 | Lair:5   | Found a one-way gate to the infinite horrors of the Abyss.
 24132 | Lair:5   | Reached skill level 11 in Spellcasting
 24133 | Lair:5   | Identified the Lectures on Deviated Xanthosis
 24867 | Elf:1    | Entered Level 1 of the Elven Halls
 24874 | Elf:1    | Reached skill level 2 in Ice Magic
 25156 | D:14     | Reached skill level 1 in Air Magic
 25416 | D:14     | Noticed Josephine
 25434 | D:14     | Killed Josephine
 25789 | D:14     | Found a gate to the Vaults.
 26198 | D:14     | Reached skill level 2 in Air Magic
 26489 | D:15     | Entered Level 15 of the Dungeon
 26545 | D:15     | Reached skill level 12 in Shapeshifting
 26900 | D:15     | Found a staircase to the Depths.
 26942 | D:15     | Found a basalt altar of Yredelemnul.
 26950 | D:15     | Reached skill level 12 in Spellcasting
 27092 | D:15     | Paralysed by an ogre mage for 4 turns
 27758 | D:15     | Found the +3 pair of mountain boots {steadfast, rC+}
 28491 | Snake:1  | Entered Level 1 of the Snake Pit
 28605 | Snake:1  | Found a runed translucent gate.
 28606 | Snake:1  | Found a runed translucent gate.
 28606 | Snake:1  | Found a runed translucent gate.
 28866 | Snake:1  | Reached skill level 18 in Dodging
 29320 | Snake:1  | Noticed Roxanne
 29338 | Snake:1  | Killed Roxanne
 29546 | Snake:1  | Reached XP level 17. HP: 117/117 MP: 23/37
 29737 | Snake:1  | Found a hazy altar of Hepliaklqana.
 30042 | Snake:1  | Reached skill level 13 in Shapeshifting
 30483 | Snake:2  | Reached skill level 9 in Unarmed Combat
 30489 | Snake:2  | Reached skill level 13 in Spellcasting
 30578 | Snake:2  | You pick up a book of the Earth and begin reading...
 30578 | Snake:2  | You add the spells Leda's Liquefaction, Lee's Rapid
                  | Deconstruction and Bombard to your library.
 30599 | Snake:2  | Learned a level 6 spell: Bombard
 30601 | Snake:2  | Found Xerevoeq's Assorted Antiques.
 30601 | Snake:2  | Found Ysukkome's Assorted Antiques.
 30602 | Snake:2  | Found Kitatihut's Antique Weapon Shoppe.
 30606 | Snake:2  | Found Taulerch's Jewellery Emporium.
 30615 | Snake:2  | Bought a murky clear potion for 28 gold pieces
 30615 | Snake:2  | Bought a potion of mutation for 256 gold pieces
 30615 | Snake:2  | Bought a potion of mutation for 256 gold pieces
 30618 | Snake:2  | Bought an amulet of regeneration for 480 gold pieces
 31039 | Snake:2  | Found Acoudanu's Armour Emporium.
 31261 | Snake:3  | Found Bennas's Antique Weapon Boutique.
 31436 | Snake:3  | Found Awocyttor's CLEARANCE SALE!.
 31699 | Snake:4  | Entered Level 4 of the Snake Pit
 31786 | Snake:4  | Reached skill level 10 in Unarmed Combat
 31804 | Snake:4  | Learned a level 5 spell: Lee's Rapid Deconstruction
 32382 | Snake:4  | Reached skill level 14 in Shapeshifting
 32435 | Snake:4  | Noticed Vashnia
 32440 | Snake:4  | HP: 38/152 [constriction (5)]
 32440 | Snake:4  | HP: 17/152 [naga sharpshooter/bolt (21)]
 32442 | Snake:4  | HP: 1/152 [nagaraja/+0 spear (30)]
 32442 | Snake:4  | Mangled by a naga warrior

Vanquished Creatures
  Roxanne (Snake:1)
  A frost giant (IceCv)
  4 nagarajas (Snake:4)
  An orc warlord (D:13)
  A very ugly thing (D:14)
  Josephine (D:14)
  A fire dragon (Lair:5)
  A great orb of eyes (D:15)
  3 salamander tyrants
  An ice dragon (D:14)
  5 centaur warriors (D:14)
  2 ogre magi (D:15)
  2 hydras
  12 anacondas
  4 boulder beetles
  13 two-headed ogres
  A catoblepas (Lair:5)
  9 naga sharpshooters
  12 death yaks
  4 orc high priests
  3 thrashing horrors (Lair:5)
  5 shock serpents
  10 naga warriors
  2 salamander mystics (Snake:3)
  6 mana vipers
  A skyshark (Lair:2)
  2 sea snakes (Snake:1)
  An orange crystal statue (Lair:2)
  4 orc knights
  2 lindwurms (Lair:5)
  Pikel (D:8)
  5 naga ritualists
  7 orc sorcerers
  A deep elf zephyrmancer (Elf:1)
  3 deep elf pyromancers
  17 ugly things
  7 salamanders
  6 cyclopes
  7 manticores
  35 elephants
  39 black mambas
  2 kobold blastminers (Orc:2)
  Joseph (D:8)
  A guardian serpent (Snake:4)
  11 naga magi
  An ice statue (IceCv)
  A cane toad (shapeshifter) (D:14)
  A torpor snail (Lair:3)
  4 gargoyles
  13 cane toads
  2 large abominations (Lair:5)
  9 komodo dragons
  A yaktaur (shapeshifter) (D:15)
  An unseen horror (shapeshifter) (Lair:5)
  3 rime drakes
  3 unseen horrors
  A tengu conjurer (D:15)
  9 polar bears
  A queen bee (shapeshifter) (Lair:5)
  8 trolls
  12 blink frogs
  A raiju (Lair:5)
  6 dream sheep
  6 slime creatures
  3 ynoxinuls (Lair:5)
  54 yaks
  8 basilisks
  5 wraiths
  Grum (D:8)
  12 small abominations (Lair:5)
  2 spriggans
  3 wyverns
  2 shadows
  A steam dragon (D:8)
  10 wargs (Orc:2)
  A golden eye (shapeshifter) (Lair:5)
  A chaos spawn (Lair:5)
  2 vampire mosquitoes (D:13)
  Edmund (D:4)
  21 water moccasins
  18 nagas
  2 acid dragons
  29 orc warriors
  5 black bears
  50 wolves
  A sky beast (D:8)
  An ice beast (D:5)
  3 boggarts (D:14)
  6 ogres
  6 centaurs
  Blork the orc (D:4)
  5 kobold brigands
  17 bullfrogs
  5 scorpions
  4 wights (D:9)
  3 killer bees (D:10)
  5 electric eels
  7 howler monkeys
  4 bombardier beetles
  5 jellies
  3 hounds
  29 orc priests
  6 iguanas
  2 sleepcaps (D:6)
  37 orc wizards
  Robin (D:4)
  12 gnolls
  6 adders
  A river rat (D:4)
  A shadow imp (D:6)
  A white imp (D:6)
  8 dart slugs
  2 ribbon worms
  77 orcs
  15 endoplasms
  13 giant cockroaches
  15 goblins
  7 hobgoblins
  15 ball pythons
  4 bats
  12 frilled lizards
  16 kobolds
  11 rats
939 creatures vanquished.

Vanquished Creatures (others)
  A nagaraja (Snake:4)
  A wolf (IceCv)
  2 orc wizards (D:9)
  An orc (Orc:2)
5 creatures vanquished.

Grand Total: 944 creatures vanquished

Table legend:
 A = Non-vault XP
 B = Vault XP
 C = Vault XP percentage of total XP
 D = Non-vault monster count
 E = Vault monster count
 F = Vault count percentage of total count
                 A         B        C        D         E       F
            +---------+---------+-------+---------+---------+-------
      Total |  144818 |   98011 |  40.4 |     528 |     413 |  43.9
            +---------+---------+-------+---------+---------+-------
        D:1 |      37 |       0 |   0.0 |      22 |       0 |   0.0
        D:2 |      13 |       0 |   0.0 |       7 |       0 |   0.0
        D:3 |      61 |       2 |   3.2 |      11 |       2 |  15.4
        D:4 |     275 |     329 |  54.5 |      14 |      20 |  58.8
        D:5 |     959 |      42 |   4.2 |      15 |       2 |  11.8
        D:6 |     716 |    1527 |  68.1 |      19 |      13 |  40.6
        D:7 |     493 |       0 |   0.0 |      13 |       0 |   0.0
        D:8 |    1311 |    1534 |  53.9 |      15 |       5 |  25.0
        D:9 |    5018 |    1259 |  20.1 |      44 |      37 |  45.7
       D:10 |    1502 |     413 |  21.6 |       9 |       8 |  47.1
       D:11 |    3193 |     827 |  20.6 |      15 |       1 |   6.2
       D:12 |    3808 |       0 |   0.0 |      11 |       0 |   0.0
       D:13 |    2835 |    6531 |  69.7 |       8 |      29 |  78.4
       D:14 |    4631 |   10681 |  69.8 |      13 |      17 |  56.7
       D:15 |   16958 |    4873 |  22.3 |      29 |       9 |  23.7
     Lair:1 |    2584 |    4122 |  61.5 |      11 |      16 |  59.3
     Lair:2 |   11680 |    1957 |  14.4 |      40 |       9 |  18.4
     Lair:3 |    8221 |       0 |   0.0 |      28 |       0 |   0.0
     Lair:4 |   10513 |     135 |   1.3 |      33 |       8 |  19.5
     Lair:5 |   14127 |   14001 |  49.8 |      42 |      46 |  52.3
    Snake:1 |   17964 |    9117 |  33.7 |      31 |      14 |  31.1
    Snake:2 |   14032 |       0 |   0.0 |      27 |       0 |   0.0
    Snake:3 |   10561 |    1327 |  11.2 |      21 |       2 |   8.7
    Snake:4 |    9608 |   13788 |  58.9 |      19 |      16 |  45.7
      Orc:2 |    3718 |    8855 |  70.4 |      31 |      61 |  66.3
      Elf:1 |       0 |     595 | 100.0 |       0 |       1 | 100.0
      Sewer |       0 |     263 | 100.0 |       0 |      44 | 100.0
      IceCv |       0 |   15833 | 100.0 |       0 |      53 | 100.0
            +---------+---------+-------+---------+---------+-------

Skill      XL: |  1  2  3  4  5  6  7  8  9 10 11 12 13 14 15 16 17 |
---------------+----------------------------------------------------+-----
Shapeshifting  | 4 5 6 8 9 11 12 14 | 14.1
Dodging        | 3 4 6 8 11 14 15 17 18 | 18.3
Unarmed Combat | 4 5 6 8 10 | 10.7
Stealth        | 4 10 | 10.5
Conjurations   | 4 7 12 13 | 13.2
Fighting       | 4 7 |  7.9
Spellcasting   | 6 10 12 13 | 13.4
Earth Magic    | 7 |  7.2
Ice Magic      | 1 2 |  2.0
Air Magic      | 2 |  2.7

Action                     |  1- 3 |  4- 6 |  7- 9 | 10-12 | 13-15 | 16-18 || total
---------------------------+-------+-------+-------+-------+-------+-------++-------
  Melee: Unarmed           |    59 |    46 |   256 |   551 |  1161 |   400 ||  2473
         Constrict         |    11 |    15 |    69 |   135 |   227 |    24 ||   481
         Tentacles         |    13 |    12 |    14 |       |       |    41 ||    80
         Punch             |     2 |       |     2 |       |     1 |    33 ||    38
         Tailslap          |       |       |       |       |     5 |    43 ||    48
         Bite              |       |       |       |       |     3 |    26 ||    29
   Cast: Stone Arrow       |       |       |       |     6 |     7 |     1 ||    14
         Orb of Destructio |       |       |       |       |    19 |    45 ||    64
         Freezing Cloud    |       |       |       |       |    12 |    41 ||    53
         Bombard           |       |       |       |       |       |     9 ||     9
         Lee's Rapid Decon |       |       |       |       |       |     5 ||     5
 Invoke: Curse Item        |       |       |     1 |     5 |     1 |     2 ||     9
         Shatter the Chain |       |       |       |       |       |     1 ||     1
Ability: Breathe Fire      |       |       |       |       |       |     1 ||     1
  Evoke: Wand              |       |       |       |    15 |     1 |       ||    16
    Use: Scroll            |     7 |     1 |     4 |    14 |     4 |     3 ||    33
         Potion            |       |     1 |     3 |     8 |     4 |     3 ||    19
   Stab: Sleeping          |     8 |     3 |     8 |    18 |    22 |    12 ||    71
         Invisible         |       |       |       |     2 |       |       ||     2
         Distracted        |       |       |       |       |     6 |     2 ||     8
         Petrified         |       |       |       |       |     2 |       ||     2
 Armour: Skin              |    16 |     9 |   107 |   260 |   649 |   458 ||  1499
  Dodge: Dodged            |    33 |    24 |   188 |   561 |  1750 |   680 ||  3236
  Block: Other             |       |       |       |    23 |   316 |    70 ||   409
         Reflection        |       |       |       |     3 |     2 |     5 ||    10
   Form: Serpent           |       |       |     1 |       |     1 |       ||     2
         Dragon            |       |       |       |       |     1 |     1 ||     2
         Storm             |       |       |       |       |     1 |     1 ||     2
         Statue            |       |       |       |       |       |     1 ||     1

Illustrated notes

Table legend:
 A = Kills in this place as a percentage of kills in the entire game.
 B = Kills by you in this place as a percentage of kills by you in the entire game.
 C = Kills by friends in this place as a percentage of kills by friends in the entire game.
 D = Other kills in this place as a percentage of other kills in the entire game.
 E = Experience gained in this place as a percentage of experience gained in the entire game.
 F = Experience gained in this place divided by the number of levels of this place that you have seen.
                   A       B       C       D       E      F
               +-------+-------+-------+-------+-------+----------------------
         Total | 100.0 | 100.0 |   N/A | 100.0 | 100.0 | 8373.4
       Dungeon |  41.2 |  41.2 |   N/A |  50.0 |  28.8 | 4655.2
          Lair |  24.8 |  24.8 |   N/A |   0.0 |  27.7 | 13468.0
     Snake Pit |  13.8 |  13.7 |   N/A |  50.0 |  31.5 | 19099.2
  Orcish Mines |   9.8 |   9.8 |   N/A |   0.0 |   5.2 | 6286.5
   Elven Halls |   0.1 |   0.1 |   N/A |   0.0 |   0.2 | 595.0
         Sewer |   4.7 |   4.7 |   N/A |   0.0 |   0.1 | 263.0
      Ice Cave |   5.6 |   5.6 |   N/A |   0.0 |   6.5 | 15833.0
               +-------+-------+-------+-------+-------+----------------------

Table legend: (Time is in decaauts)
 A = Elapsed time spent in this place.
 B = Non-inter-level travel time spent in this place.
 C = Inter-level travel time spent in this place.
 D = Time resting spent in this place.
 E = Time spent auto-exploring this place.
 F = Levels seen in this place.
 G = Mean time per level.
                   A        B        C        D        E       F      G
               +--------+--------+--------+--------+--------+-----+--------+
         Total |  33553 |  31709 |   1844 |   2280 |  23241 |  29 | 1157.0 |
       Dungeon |  18112 |  16879 |   1233 |   1297 |  12819 |  15 | 1207.5 |
          Lair |   6632 |   6289 |    343 |    145 |   4775 |   5 | 1326.4 |
     Snake Pit |   5436 |   5330 |    106 |    324 |   3969 |   4 | 1359.0 |
  Orcish Mines |   1888 |   1727 |    161 |    111 |   1095 |   2 |  944.0 |
   Elven Halls |      8 |      8 |      0 |      0 |      0 |   1 |    8.0 |
         Sewer |    409 |    409 |      0 |      0 |    226 |   1 |  409.0 |
      Ice Cave |   1067 |   1067 |      0 |    402 |    357 |   1 | 1067.0 |
               +--------+--------+--------+--------+--------+-----+--------+

Top non-repeatable levels by time:
 Snake:1: 2360 daAuts
  Lair:5: 2258 daAuts
     D:9: 1919 daAuts
    D:13: 1878 daAuts
    D:15: 1866 daAuts
   Orc:2: 1759 daAuts
    D:10: 1552 daAuts
    D:14: 1535 daAuts
     D:8: 1446 daAuts
 Snake:2: 1272 daAuts
    D:11: 1270 daAuts
  Lair:2: 1257 daAuts
  Lair:4: 1255 daAuts
     D:1: 1151 daAuts
     D:6: 1145 daAuts
